 Dungeon Crawl Stone Soup version 0.20.0-8-g6b59dc7 (webtiles) character file.

2347 Rrauwl the Bolt Thrower (level 9, -6/75 HPs)
             Began as a Ghoul Wanderer on May 30, 2017.
             Killed from afar by a gargoyle (14 damage)
             ... with a stone arrow
             ... on level 7 of the Dungeon.
             The game lasted 00:25:32 (6032 turns).

Rrauwl the Bolt Thrower (Ghoul Wanderer)            Turns: 6032, Time: 00:25:33

Health: -6/75      AC:  5    Str: 28    XL:     9   Next: 43%
Magic:  17/17      EV: 13    Int: 10    God:
Gold:   504        SH:  0    Dex: 10    Spells: 4/8 levels left

rFire    . . .     SeeInvis .   r - +9 rapier "Ophocuso" {pierce, Str+5 Int+4}
rCold    + . .     Gourm    .   (no shield)
rNeg     + + +     Faith    .   p - +0 leather armour (curse)
rPois    ∞         Spirit   .   (no helmet)
rElec    .         Reflect  .   e - +0 cloak
rCorr    .         Harm     .   (no gloves)
MR       .....                  y - +0 pair of boots
Stlth    +.........             (no amulet)
Regen    0.0/turn               q - ring of magical power
MPRegen  0.2/turn               (no ring)

@: mighty, rotting
A: rotting body, claws 1, carnivore 3, cold resistance 1, negative energy
resistance 3, inhibited regeneration, torment resistance, unbreathing
a: no special abilities


You were on level 7 of the Dungeon.
You were not hungry.

You visited 2 branches of the dungeon, and saw 8 of its levels.
You also visited: Ossuary.

You collected 504 gold pieces.

Inventory:

Hand Weapons
 a - a +2 whip of electrocution
 b - a +2 hand crossbow
 r - the +9 rapier "Ophocuso" (weapon) {pierce, Str+5 Int+4}
   (You found it on level 7 of the Dungeon)

   It inflicts extra damage upon your enemies.
   It affects your strength (+5).
   It affects your intelligence (+4).
 Z - the +3 rapier of the Spectre {pierce, +Fly}
   (You found it on level 6 of the Dungeon)

   It inflicts extra damage upon your enemies.
   It lets you fly.
Missiles
 i - 102 bolts
Armour
 e - a +0 cloak (worn)
 p - a cursed +0 leather armour (worn)
 y - a +0 pair of boots (worn)
Jewellery
 q - a ring of magical power (left claw)
Wands
 n - a wand of enslavement (11/24)
 v - a wand of paralysis (13/24)
Scrolls
 g - 4 scrolls of blinking
 j - a scroll of magic mapping
 k - 7 scrolls of identify
 l - 3 scrolls of remove curse
 t - a scroll of silence {unknown}
 w - a scroll of recharging {unknown}
Potions
 d - a potion of might
 h - a potion of agility
 o - 2 potions of curing
Books
 s - a book of Air

   Spells                             Type                      Level
   a - Shock                          Conjuration/Air              1
   b - Swiftness                      Charms/Air                   2
   c - Static Discharge               Conjuration/Air              3
   d - Airstrike                      Air                          4
   e - Lightning Bolt                 Conjuration/Air              5
 u - a book of Minor Magic

   Spells                             Type                      Level
   a - Magic Dart                     Conjuration                  1
   b - Blink                          Translocation                2
   c - Call Imp                       Summoning                    2
   d - Slow                           Hexes                        2
   e - Conjure Flame                  Conjuration/Fire             3
   f - Mephitic Cloud                 Conjuration/Poison/Air       3
Comestibles
 f - 4 meat rations
 m - a royal jelly


   Skills:
 - Level 6.0 Fighting
 - Level 6.0 Maces & Flails
 + Level 6.8 Crossbows
 - Level 2.0 Armour
 - Level 5.1 Dodging
 - Level 1.1 Stealth
 - Level 1.0 Evocations


You had 4 spell levels left.
You knew the following spells:

 Your Spells              Type           Power        Failure   Level  Hunger
a - Swiftness             Chrm/Air       #.......     54%         2    ###....
b - Blink                 Tloc           N/A          54%         2    ###....


Dungeon Overview and Level Annotations

Branches:
Dungeon (7/15)             Temple (1/1) D:4

Altars:
Ashenzari
Dithmenos
Elyvilon
Fedhas
Gozag
Hepliaklqana
Kikubaaqudgha
Makhleb
Nemelex Xobeh
Okawaru
Qazlal
Ru
Sif Muna
Trog
Uskayaw
Vehumet
Xom
Yredelemnul
Zin
The Shining One

Shops:
D:6 *


Innate Abilities, Weirdness & Mutations

Your body is rotting away.
You thrive on raw meat.
You are immune to poison.
You have sharp fingernails.
You are carnivorous and can eat meat at any time.
Your flesh is cold resistant. (rC+)
You are immune to negative energy. (rN+++)
You do not regenerate when monsters are visible.
You are immune to unholy pain and torment.
You can survive without breathing.


Message History

The stone arrow misses you.
Found a robe.
The gargoyle hits you with a mace.
There is an open door here.
Really attack barehanded? [Y]es or [N]o only, please.
Really attack barehanded? [Y]es or [N]o only, please.
Really attack barehanded?
Okay, then.
Wield which item (- for none, * to show all)? (? for menu, Esc to quit)
r - the +9 rapier "Ophocuso" (weapon)
{pierce, Str+5 Int+4}
Okay, then.
You barely miss the gargoyle.
The gargoyle hurls a stone arrow at you.
The stone arrow hits you!
* * * LOW HITPOINT WARNING * * *
The gargoyle hurls a stone arrow at you.
The stone arrow hits you!
You die...

##.#.### ## ###.#.# #.# #.
#...# ##+.+## #...# #.###.
#..###+.....+###..#####.#...
#..# #.......#8#......#.....
#..##+.......'##...)........
#..##....8....##...##.####..
#..# +.......)##.........[.#
#..# #.......#[#.....#.#####
#..###+....@'###..#..#.#
#..^# ##...##9#......#.#####
#...###8...8###............#
##....##...##.....##.......#
#..#...............[<.....#
##.###........#####........
##............))..'.......#
##......##....######....#.##
#.......##....# #....#.#.


You could see a gargoyle.

Vanquished Creatures
  A gargoyle (D:7)
  2 orc warriors (D:6)
  An ice beast (D:6)
  A sky beast (D:5)
  An ogre (D:6)
  2 elf zombies (Ossuary)
  Blork the orc (D:5)
  2 bullfrogs (D:6)
  2 scorpions (D:4)
  2 howler monkeys (D:6)
  2 crimson imps (D:5)
  A centaur zombie (Ossuary)
  2 bullfrog zombies (D:5)
  3 human zombies (Ossuary)
  4 orc priests
  4 orc wizards
  2 jellies (D:7)
  A gnoll shaman (D:6)
  4 worker ants
  3 big kobold zombies (Ossuary)
  3 mummies (Ossuary)
  9 gnolls
  8 adders
  A shadow imp (D:4)
  An ooze (D:1)
  An adder skeleton (D:4)
  3 adder zombies
  2 worms (D:2)
  3 dart slugs
  4 leopard geckos
  18 orcs
  5 ball pythons
  6 bats
  3 giant cockroaches
  7 goblins
  8 hobgoblins
  4 jackals
  2 quokkas
  6 frilled lizards
  A gnoll zombie (Ossuary)
  5 hobgoblin zombies (Ossuary)
  2 jackal zombies (Ossuary)
  6 kobolds
  4 kobold zombies (Ossuary)
  2 orc zombies (Ossuary)
  4 quokka zombies (Ossuary)
  10 rats
  4 rat zombies (Ossuary)
173 creatures vanquished.

Notes
Turn   | Place    | Note
-------+----------+-------------------------------------------
     0 | D:1      | Rrauwl the Ghoul Wanderer began the quest for the Orb.
     0 | D:1      | Rrauwl set off with: a +2 hand crossbow, 24 bolts, a +0 ring mail, a +0 mace, a meat ration
     0 | D:1      | Reached XP level 1. HP: 19/19 MP: 0/0
   170 | D:1      | Reached XP level 2. HP: 26/26 MP: 1/1
   349 | D:1      | Reached XP level 3. HP: 32/33 MP: 2/2
   908 | D:2      | Reached XP level 4. HP: 7/40 MP: 3/3
  1134 | D:2      | Reached skill level 1 in Dodging
  1695 | D:3      | Reached XP level 5. HP: 11/45 MP: 4/4
  2294 | D:4      | Learned a level 2 spell: Swiftness
  2312 | D:4      | Reached XP level 6. HP: 52/52 MP: 5/5
  2411 | D:4      | Learned a level 2 spell: Blink
  2488 | D:4      | Reached skill level 5 in Dodging
  2544 | D:4      | Found a sand-covered staircase.
  2548 | Ossuary  | Entered an ossuary
  2566 | Ossuary  | Reached XP level 7. HP: 50/60 MP: 6/6
  2622 | Ossuary  | Reached skill level 5 in Fighting
  3544 | D:4      | Found a shimmering altar of Xom.
  3562 | D:4      | Found a shattered altar of Ashenzari.
  3858 | D:4      | Found a staircase to the Ecumenical Temple.
  3867 | Temple   | Entered the Ecumenical Temple
  4026 | D:5      | Entered Level 5 of the Dungeon
  4056 | D:5      | Reached XP level 8. HP: 29/67 MP: 7/7
  4265 | D:5      | Found an opulent altar of Gozag.
  4278 | D:5      | Noticed Blork the orc
  4284 | D:5      | Killed Blork the orc
  4284 | D:5      | Reached skill level 5 in Maces & Flails
  5019 | D:6      | Got a polished rapier
  5020 | D:6      | Identified the +3 rapier of the Spectre {pierce, +Fly} (You found it on level 6 of the Dungeon)
  5033 | D:6      | Reached XP level 9. HP: 59/75 MP: 8/8
  5038 | D:6      | Found Zin's Purification Station.
  5038 | D:6      | Found a glowing silver altar of Zin.
  5050 | D:6      | Reached skill level 5 in Crossbows
  5737 | D:7      | Got a dazzling rapier
  5738 | D:7      | Identified the +9 rapier "Ophocuso" {pierce, Str+5 Int+4} (You found it on level 7 of the Dungeon)
  6010 | D:7      | Noticed a gargoyle
  6021 | D:7      | Killed a gargoyle
  6028 | D:7      | Noticed a gargoyle
  6032 | D:7      | Killed from afar by a gargoyle

Skill      XL: |  1  2  3  4  5  6  7  8  9 |
---------------+----------------------------+-----
Armour         | 2 |  2.0
Maces & Flails | 2 4 6 |  6.0
Fighting       | 4 6 |  6.0
Crossbows      | 2 4 6 |  6.8
Dodging        | 2 3 5 |  5.1
Stealth        | |  1.1
Evocations     | |  1.0

Action                   |  1- 3 |  4- 6 |  7- 9 || total
-------------------------+-------+-------+-------++-------
Melee: Mace              |    59 |       |       ||    59
       Whip              |     2 |   211 |   337 ||   550
       Rapier            |       |       |    22 ||    22
 Fire: Hand crossbow     |    70 |    18 |    32 ||   120
Evoke: Wand              |       |       |     1 ||     1
  Use: Potion            |       |       |    12 ||    12
       Scroll            |       |       |     9 ||     9
 Stab: Paralysed         |       |       |     4 ||     4
  Eat: Chunk             |     6 |    25 |    25 ||    56
Armor: Ring mail         |    19 |       |       ||    19
       Leather armour    |    32 |    43 |    56 ||   131
Dodge: Dodged            |    69 |   138 |   176 ||   383
